AoeStats
← Azatapower

Black Forest

505284901Analyzed
1v1 RM · 23d ago on Sep 8, 2026· 34m 13s· 2 players
Game mode
Random Map
Map size
Tiny (2 player)
Population
200
Speed
Normal
Resources
Standard
Victory
Conquest
Starting age
Dark Age
Ending age
Imperial Age
RankedLock teamsTeams togetherTeam positionsShared explorationLock speedFull tech treeHidden civsTurbo modeCheats
Victory
Defeat
🇧🇷 Vietnamese · Brazil
1313
+15
🇨🇳 Spanish · China
1292
-15
88号技师
1:01 Loom
13:29 Feudal Age
13:38 Man-at-Arms
14:28 Double-Bit Axe
19:47 Fletching
23:53 Castle Age
22:50 Stone Mining
25:01 Horse Collar
25:35 Bow Saw
25:39 Padded Archer Armor
31:01 Wheelbarrow
32:47 Bloodlines
Azatapower
0:37 Loom
13:01 Feudal Age
15:41 Double-Bit Axe
19:29 Castle Age
17:35 Horse Collar
18:35 Fletching
34:06 Imperial Age
32:14 Bloodlines
32:52 Bow Saw
33:04 Scale Barding Armor
33:29 Forging
33:25 Gold Mining
34:12 Stone Mining
34:58 Wheelbarrow
34:09 Town Watch
Connection lost

Rejoining the realm…

Still unreachable

The connection could not be restored.

Session expired

The server has moved on; the page needs a fresh start.